 Dungeon Crawl Stone Soup version 0.26-a0-720-g2a1d101370 (webtiles) character file.

Game seed: 6352234857144733183

205 marklar909 the Ruffian (level 5, 0/40 HPs)
             Began as a Draconian Transmuter on Nov 3, 2020.
             Slain by an ogre
             ... wielding a +0 giant club
              (18 damage)
             ... on level 3 of the Dungeon.
             The game lasted 00:03:42 (3160 turns).

marklar909 the Ruffian (Draconian Transmuter)       Turns: 3160, Time: 00:03:43

Health: 0/40       AC:  5    Str: 13    XL:     5   Next: 53%
Magic:  6/9        EV: 12    Int: 13    God:
Gold:   125        SH:  0    Dex: 12    Spells: 7/10 levels left

rFire    . . .     SeeInvis .     - Unarmed
rCold    . . .     Faith    .   (no shield)
rNeg     . . .     Spirit   .   (armour unavailable)
rPois    .         Reflect  .   (helmet currently unavailable)
rElec    .         Harm     .   (no cloak)
rCorr    .         Rampage  .   (no gloves)
MR       .....                  (boots currently unavailable)
Stlth    ++........             (no amulet)
HPRegen  0.13/turn              (no ring)
MPRegen  0.11/turn              (no ring)

@: appendages, wereblooded (expiring)
A: unfitting armour, horns 2, talons 2, cold-blooded, AC +5
a: End Transformation


You were on level 3 of the Dungeon.
You had grown temporary horns.
You had grown temporary talons.
You visited 1 branch of the dungeon, and saw 3 of its levels.

You collected 125 gold pieces.

Inventory:

Missiles
 g - 6 javelins (quivered)
 o - 13 poisoned darts
Armour
 m - a +0 buckler
Scrolls
 b - a scroll of enchant weapon {unknown}
 c - a scroll of noise {unknown}
 d - 5 scrolls of teleportation {unknown}
 e - 2 scrolls of magic mapping {unknown}
 f - a scroll of immolation {unknown}
 j - a scroll of fear {unknown}
 n - a scroll of remove curse {unknown}
 p - a scroll of fog {unknown}
Potions
 a - 2 potions of berserk rage {unknown}
 h - 3 potions of stabbing {unknown}
 i - a potion of lignification {unknown}
 k - 2 potions of flight {unknown}
 l - a potion of brilliance {unknown}


   Skills:
 + Level 1.4 Fighting
 + Level 2.3 Dodging
 + Level 1.0 Stealth
 + Level 4.5 Unarmed Combat
 + Level 3.1 Spellcasting
 + Level 2.9 Transmutations


You had 7 spell levels left.
You knew the following spells:

 Your Spells              Type           Power        Failure   Level
a - Beastly Appendage     Tmut           #.....       7%          1
b - Wereblood             Tmut           #.......     10%         2

Your spell library contained the following spells:

 Spells                   Type           Power        Failure   Level
 Spider Form              Tmut/Pois      #.........   36%         3
 Ice Form                 Ice/Tmut       #.......     77%         4
 Blade Hands              Tmut           #.........   88%         5


Dungeon Overview and Level Annotations

Branches:
Dungeon (3/15)

Altars:


Innate Abilities, Weirdness & Mutations

Your plain brown scales are hard. (AC +5)
You cannot fit into any form of body armour.
You are cold-blooded and may be slowed by cold attacks.
You have a pair of horns on your head.
You have razor-sharp toenails.


Message History

The teleport trap disappears.
The bat disappears!
Your horns disappear.
Your talons disappear.
Casting: Beastly Appendage (safe; 7% risk of failure)
Confirm with . or Enter, or press ? or * to list all spells.
You grow a pair of large bovine horns.
Your feet morph into talons.
The ogre hits you with a +0 giant club.
You hit the ogre. You claw the ogre. You headbutt the ogre.
The ogre is heavily wounded.
You punch the ogre! You claw the ogre.
You headbutt the ogre, but do no damage.
Your tail-slap misses the ogre.
The ogre is severely wounded.
The ogre hits you with a +0 giant club!!
Ouch! That really hurt!
You barely miss the ogre. Your kick misses the ogre.
Your tail-slap misses the ogre.
The ogre is severely wounded.
Your primal bloodlust is almost over.
The ogre hits you with a +0 giant club!!
You die...

....###.....................
#
.[.....[.#.#................
##
....###..#.#.#...............
#. ....#
#......##.####...###### #.
##### #......##.# #...# #.
#.#.......# #...# #.
#......#### #...# #.
###.##########...# #. #.#
#.O@.†....# ######. #.#
#.#####..## #......
......†.#####..#####.###..
...####O##.............#..
#.##.##)####.#.#.#.# .... #.#
#.#.....# #.. ..# #.###.###
#.# #######.# #.# ..# #.....#
#.#


You could see an ogre.

Vanquished Creatures
  An orc priest (D:3)
  Jessica (D:2)
  Terence (D:2)
  Robin (D:2)
  3 adders
  3 dart slugs
  2 leopard geckos (D:1)
  3 orcs (D:3)
  5 bats
  2 giant cockroaches
  19 goblins
  8 hobgoblins
  6 jackals
  4 kobolds
  2 quokkas (D:2)
  A ball python (D:1)
  3 frilled lizards (D:2)
  8 rats
73 creatures vanquished.

Notes
Turn   | Place    | Note
-------+----------+-------------------------------------------
     0 | D:1      | marklar909 the Draconian Transmuter began the quest for the
                  | Orb.
     0 | D:1      | Reached XP level 1. HP: 16/16 MP: 3/3
   135 | D:1      | Reached XP level 2. HP: 18/23 MP: 3/5
   927 | D:1      | Reached XP level 3. HP: 28/28 MP: 4/6
   931 | D:1      | Learned a level 2 spell: Wereblood
  1484 | D:2      | Noticed Jessica
  1493 | D:2      | Killed Jessica
  1493 | D:2      | Reached skill level 4 in Unarmed Combat
  1495 | D:2      | Reached XP level 4. HP: 31/35 MP: 3/7
  1600 | D:2      | Noticed Robin
  1621 | D:2      | Killed Robin
  1823 | D:2      | Noticed Terence
  1843 | D:2      | Killed Terence
  2146 | D:2      | Reached XP level 5. HP: 34/40 MP: 5/9
  2905 | D:3      | Reached skill level 1 in Stealth
  3151 | D:3      | Noticed an ogre
  3160 | D:3      | Slain by an ogre

Illustrated notes

Levels and vault maps discovered:
D:1:      dpeg_arrival_signposts, layout_basic
D:2:      layout_basic, uniq_jessica, uniq_robin, uniq_terence
D:3:      layout_loops_cross, saegor_snake_ambush

Skill      XL: |  1  2  3  4  5 |
---------------+----------------+-----
Dodging        | 2 |  2.3
Unarmed Combat | 4 |  4.5
Spellcasting   | 3 |  3.1
Stealth        | 1 |  1.0
Fighting       | |  1.4
Transmutations | |  2.9

Action                   |  1- 3 |  4- 6 || total
-------------------------+-------+-------++-------
Melee: Unarmed           |    99 |    81 ||   180
       Tailslap          |    10 |     4 ||    14
       Kick              |    10 |    23 ||    33
       Headbutt          |     5 |    15 ||    20
Throw: Javelin           |       |     3 ||     3
 Cast: Beastly Appendage |    17 |    26 ||    43
       Wereblood         |     1 |    13 ||    14
 Stab: Sleeping          |       |     2 ||     2
Armor: Skin              |    32 |    20 ||    52
Dodge: Dodged            |    66 |    54 ||   120

Table legend: (Time is in decaauts)
 A = Elapsed time spent in this place.
 B = Non-inter-level travel time spent in this place.
 C = Inter-level travel time spent in this place.
 D = Time resting spent in this place.
 E = Time spent auto-exploring this place.
 F = Levels seen in this place.
 G = Mean time per level.
                   A        B        C        D        E       F      G
               +--------+--------+--------+--------+--------+-----+--------+
         Total |   3149 |   2952 |    197 |    173 |   2346 |   3 | 1049.7 |
       Dungeon |   3149 |   2952 |    197 |    173 |   2346 |   3 | 1049.7 |
               +--------+--------+--------+--------+--------+-----+--------+

Top non-repeatable levels by time:
     D:2: 1637 daAuts
     D:1: 1213 daAuts
     D:3: 298 daAuts
